 Dungeon Crawl Stone Soup version 0.27.0-65-ge2af304b15 (webtiles) character file.

Game seed: 16205019641469181072

490 zdrol the Shield-Bearer (level 6, -3/55 HPs)
             Began as a Minotaur Fighter on Aug 19, 2021.
             Slain by an orc warrior (6 damage)
             ... on level 5 of the Dungeon.
             The game lasted 00:28:37 (4240 turns).

zdrol the Shield-Bearer (Minotaur Fighter)          Turns: 4240, Time: 00:28:38

Health: -3/55      AC: 12    Str: 19 (22) XL:     6   Next: 90%
Magic:  5/5        EV:  4    Int:  3 (5)  God:
Gold:   76         SH:  9    Dex:  7 (10) Spells: 5/5 levels left

rFire    + + .     SeeInvis .   a - +0 long sword
rCold    + . .     Faith    .   c - +0 kite shield
rNeg     . . .     Spirit   .   b - +0 plate armour
rPois    +         Reflect  .   (helmet restricted)
rElec    +         Harm     .   (no cloak)
rCorr    +         Rampage  .   (no gloves)
Will     .....                  (no boots)
Stlth    ..........             (no amulet)
HPRegen  0.18/turn              m - ring of protection from fire
MPRegen  0.09/turn              (no ring)

@: resistant
A: horns 2, retaliatory headbutt
a: no special abilities


You were on level 5 of the Dungeon.
You visited 1 branch of the dungeon, and saw 5 of its levels.

You collected 112 gold pieces.
You spent 36 gold pieces at shops.

Inventory:

Hand Weapons
 a - a +0 long sword (weapon)
 h - a +2 dagger of venom
Armour
 b - a +0 plate armour (worn)
 c - a +0 kite shield (worn)
 r - a +1 scale mail of fire resistance
Jewellery
 m - a ring of protection from fire (left hand)
Wands
 n - a wand of flame (11)
Scrolls
 e - 2 scrolls of fog {unknown}
 f - 6 scrolls of enchant weapon {unknown}
 l - 2 scrolls of immolation {unknown}
 p - a scroll of magic mapping {unknown}
 q - a scroll of amnesia {unknown}
 s - 5 scrolls of identify {unknown}
 t - a scroll of torment {unknown}
 u - a scroll of fear {unknown}
Potions
 d - a potion of invisibility {unknown}
 g - 2 potions of heal wounds {unknown}
 i - 2 potions of haste {unknown}
 j - a potion of degeneration
 k - a potion of resistance
 o - a potion of attraction {unknown}
 v - a potion of mutation {unknown}


   Skills:
 + Level 4.9 Fighting
 + Level 5.1 Long Blades
 + Level 5.7 Armour
 + Level 1.0 Dodging
 + Level 5.8 Shields


You had 5 spell levels left.
You didn't know any spells.
Your spell library was empty.

Dungeon Overview and Level Annotations

Branches:
Dungeon (5/15)
 Temple: D:4-7

Altars:

Shops:
D:1 !*   D:2 !


Innate Abilities, Weirdness & Mutations

You have a pair of horns on your head.
You reflexively headbutt those who attack you in melee.


Message History

The orc wizard is heavily wounded.
You block the orc wizard's attack. The orc hits you with a +0 hand axe.
The orc warrior hits you from afar with a +0 trident.
The orc wizard hits you but does no damage.
You slash the orc wizard!
You kill the orc wizard!
The orc hits you but does no damage.
The orc warrior hits you from afar with a +0 trident!
You hit the orc.
The orc is severely wounded.
The orc warrior hits you from afar with a +0 trident!
You block the orc's attack.
The orc warrior hits you from afar with a +0 trident!
The orc hits you but does no damage.
Your plate armour prevents you from hitting the orc.
You headbutt the orc.
You kill the orc!
You block the orc warrior's attack.
The orc warrior hits you with a +0 trident!
* * * LOW HITPOINT WARNING * * *
You see here a +0 hand axe.
Your plate armour prevents you from hitting the orc warrior.
Your headbutt misses the orc warrior. The orc warrior completely misses you.
You hit the orc warrior but do no damage.
The orc warrior hits you with a +0 trident.
* * * LOW HITPOINT WARNING * * *
The orc warrior hits you but does no damage.
You hit the orc warrior but do no damage.
The orc warrior hits you with a +0 trident.
* * * LOW HITPOINT WARNING * * *
You hit the orc warrior but do no damage.
The orc warrior closely misses you.
It was a potion of degeneration.
There was something very wrong with that liquid.
You feel weakened.
You feel dopey.
You feel clumsy. You block the orc warrior's attack.
It was a potion of resistance.
You feel protected.
The orc warrior hits you with a +0 trident.
You die...

....... ....... ##.......
#........ #######........
##..#...........
##...............
###.......................
#....###)@o...............
###..# #............#....
###.####..........# ..##
#....##...........##...##
###......#......>........
#......#...............
##.#.........<....†.....
##.........#...#.........
#.....##...##########.#..


You could see an orc warrior.

Vanquished Creatures
  2 phantoms
  2 jellies (D:5)
  Jessica (D:3)
  An iguana (D:4)
  2 orc wizards
  4 gnolls
  5 adders
  A worm (D:3)
  5 dart slugs
  5 orcs
  6 ball pythons
  4 endoplasms
  4 giant cockroaches
  8 hobgoblins
  3 jackals (D:1)
  13 kobolds
  2 quokkas
  9 bats (D:1)
  A frilled lizard (D:2)
  10 goblins
  3 rats
91 creatures vanquished.

Vanquished Creatures (others)
  A fungus (D:5)
1 creature vanquished.

Grand Total: 92 creatures vanquished

Notes
Turn   | Place    | Note
-------+----------+-------------------------------------------
     0 | D:1      | zdrol the Minotaur Fighter began the quest for the Orb.
     0 | D:1      | Reached XP level 1. HP: 19/19 MP: 0/0
   200 | D:1      | Reached XP level 2. HP: 27/27 MP: 1/1
   389 | D:1      | Found Netwearch's Distillery.
   686 | D:1      | Found Xass's General Store.
   753 | D:1      | Bought a potion of curing for 36 gold pieces
   831 | D:2      | Found Zethro Toqi's Distillery.
   893 | D:2      | Reached XP level 3. HP: 27/33 MP: 2/2
  2054 | D:3      | Reached XP level 4. HP: 40/40 MP: 3/3
  2252 | D:3      | Noticed a phantom
  2270 | D:3      | Killed a phantom
  2271 | D:3      | Reached skill level 5 in Shields
  2271 | D:3      | Reached XP level 5. HP: 34/47 MP: 4/4
  2364 | D:3      | Noticed Jessica
  2381 | D:3      | Killed Jessica
  2382 | D:3      | Reached skill level 1 in Dodging
  2428 | D:3      | HP: 2/47 [poisoned by an orc wizard]
  3033 | D:3      | Reached XP level 6. HP: 14/53 MP: 5/5
  3865 | D:4      | Reached skill level 5 in Armour
  4144 | D:5      | Entered Level 5 of the Dungeon
  4161 | D:5      | Reached skill level 5 in Long Blades
  4218 | D:5      | Noticed an orc warrior
  4237 | D:5      | HP: 2/55 [orc warrior (5)]
  4240 | D:5      | Slain by an orc warrior

Illustrated notes

Levels and vault maps discovered:
D:1:      minmay_arrival_checkered_box, layout_basic, serial_shops, shop, shop,
          shop
D:2:      kb_forest_paths, layout_basic, serial_shops,
          nicolae_shop_behind_doors, minmay_tetromino_s2
D:3:      layout_rooms, feat_on_display, uniq_jessica
D:4:      layout_loops_ring, hangedman_minor_gate_pass
D:5:      minmay_octagon_keep, layout_cave_pools, led_xom_imps,
          uniq_prince_ribbit1, uniq_eustachio, uniq_crazy_yiuf_cottage

Skill      XL: |  1  2  3  4  5  6 |
---------------+-------------------+-----
Shields        | 4 5 |  5.8
Fighting       | 4 |  4.9
Long Blades    | 3 4 5 |  5.1
Armour         | 4 5 |  5.7
Dodging        | 1 |  1.0

Action                   |  1- 3 |  4- 6 || total
-------------------------+-------+-------++-------
Melee: Long sword        |   109 |   153 ||   262
       Headbutt          |    16 |    27 ||    43
  Use: Potion            |       |     6 ||     6
Armor: Scale mail        |    73 |     9 ||    82
       Plate armour      |       |    75 ||    75
Dodge: Dodged            |    44 |    31 ||    75
Block: Kite shield       |    69 |   100 ||   169
       Rpst.: Long sword |     6 |     6 ||    12
